Match 44486629
Unlisted

Match 44486629
End
Construct Barracks
Selects Heavy Weapons
Riflemen Squad
Riflemen Squad
M1 Mortar Team
Riflemen Squad
Infantry Support Center
Construct Medical Station
Construct Motor Pool
Selects M2HB .50cal Heavy Machine Gun
M8 Greyhound Armored Car
Engineer Squad
Construct Weapon Support Center
M1919 Machine Gun Team
M1918 Browning Automatic Rifles
M1919 Machine Gun Team
Survival Training
Grenade Package
M1 Anti-tank Gun Team
Selects Assault Carriers
Selects Halftrack Strongpoints
Selects Towed M5 3-inch Anti-tank Gun
Towed M5 3-inch Anti-tank Gun
Construct Tank Depot
M8 Greyhound Armored Car
Selects Rapid Reposition
Selects Bolstered Team Weapons
Concussion I
Arturokq
Guerrero de Dios
Mr. Purple
krouw.so
Citizen Mars
Mellow Elf
Potato Elf
0
0

Comments sign in to comment!

No comments posted yet!